Cogmind - Beta 13 @@@ ROGUE MODE // 2024.07.28 @ 12:40:32 Player: s0lid Result: Destroyed by P-60 Hacker with Shock Rifle Performance ------------- Evolutions (3) 1500 Regions Visited (5) 1000 Robots Destroyed (128) 640 Value Destroyed (4468) 4468 Prototype IDs (15) 300 Alien Tech Used (0) 0 Bonus (526) 526 TOTAL SCORE: 8434 Bonus ------- High Alert Combat Kills 542 Friendly Fire -16 Cogmind --------- Core Integrity 0/700 Matter 275/300 Energy 184/310 System Corruption 2% Temperature Cool (0) Movement Flying (227) Ox3 Location -7/Factory Parts ------- > --- POWER (1) -------- Heavy Deuterium Engine > --- PROPULSION (2) --- Cooled VTOL Module Cooled VTOL Module > --- UTILITY (6) ------ Medium Storage Unit Advanced Targeting Computer Advanced Targeting Computer Advanced Targeting Computer Hardlight Generator Advanced Dynamic Insulation System > --- WEAPON (4) ------- Force Rifle Kinetic Spear > --- INVENTORY (10) --- Carbon-fiber Leg Improved Carbon-fiber Leg Wheel Improved Heat Sink Advanced Targeting Computer Advanced Targeting Computer Improved Thermal Defense Suite Improved Recalibrator Peak State ------------ > --- POWER ------------ Heavy Deuterium Engine > --- PROPULSION ------- Wheel Cooled VTOL Module > --- UTILITY ---------- Medium Storage Unit Advanced Targeting Computer Advanced Targeting Computer Advanced Targeting Computer Hardlight Generator Advanced Dynamic Insulation System > --- WEAPON ----------- Force Rifle Improved EM Pulse Cannon Kinetic Spear > --- INVENTORY -------- Improved Deuterium Engine Carbon-fiber Leg Improved Carbon-fiber Leg Wheel Improved Heat Sink Advanced Targeting Computer Advanced Targeting Computer Weapon Cycler Improved Thermal Defense Suite Improved Recalibrator [Rating: 52] Favorites ----------- Power Cooled Ion Engine Engine Cooled Ion Engine Power Core Light Nuclear Core Propulsion Armored Treads Treads Armored Treads Leg Aluminum Leg Wheel Armored Wheel Flight Unit Cooled VTOL Module Utility Advanced Targeting Computer Device Improved Heat Sink Storage Medium Storage Unit Processor Advanced Targeting Computer Protection Medium Armor Plating Weapon Assault Cannon Energy Gun Improved Medium Laser Energy Cannon Plasma Cannon Ballistic Gun Improved Assault Rifle Ballistic Cannon Assault Cannon Launcher Mini Grenade Launcher Special Weapon Welding Torch Impact Weapon Hammer Slashing Weapon Katana Piercing Weapon Kinetic Spear Build | -11 -10 -9 -9 -8 -7 ------- Run | Yrd Mat Mat Sto Mat Fac Slots Evolved 6 | . . 2 . 2 2 Power . | . . . . . . Propulsion . | . . . . . . Utility 4 | . . 2 . . 2 Weapon 2 | . . . . 2 . Parts Attached 146 | 4 12 15 27 48 40 Power 16 | 1 2 2 4 3 4 Engine 14 | 1 2 2 3 2 4 Core 2 | . . . 1 1 . Reactor . | . . . . . . Propulsion 24 | 2 1 3 2 5 11 Treads 12 | . . 2 1 5 4 Leg 4 | 2 1 1 . . . Wheel 5 | . . . . . 5 Hover . | . . . . . . Flight 3 | . . . 1 . 2 Utility 53 | . 4 5 13 19 12 Device 21 | . 1 . 9 4 7 Storage 15 | . 2 3 1 7 2 Processor 5 | . . . . 4 1 Hackware . | . . . . . . Protection 12 | . 1 2 3 4 2 Artifact . | . . . . . . Weapon 53 | 1 5 5 8 21 13 Energy Gun 16 | . 3 4 3 5 1 Energy Cannon 6 | . . . 1 2 3 Ballistic Gun 9 | 1 . . 2 5 1 Ballistic Cannon 10 | . . . . 3 7 Launcher 6 | . 1 1 2 2 . Special Weapon 2 | . 1 . . 1 . Impact Weapon 1 | . . . . 1 . Slashing Weapon 2 | . . . . 2 . Piercing Weapon 1 | . . . . . 1 Special Melee Weapon . | . . . . . . Unidentified Prototypes 15 | . . . 7 2 6 Parts Lost 29 | . 2 4 1 5 17 Power 4 | . 1 2 . . 1 Propulsion 5 | . . . . 1 4 Utility 9 | . 1 2 1 2 3 Weapon 11 | . . . . 2 9 Highest Loss Streak 9 | . 2 2 1 1 9 To Critical Strikes 1 | . . . . . 1 Average Slot Usage (%) 94 | . 73 91 97 96 95 Engine 6 | . 5 9 5 7 7 Core 1 | . . . 5 1 . Treads 15 | . . 7 22 17 13 Leg 2 | . 28 14 . . . Device 14 | . 2 11 16 13 17 Storage 11 | . 4 20 19 9 7 Processor 7 | . . . . 5 15 Protection 5 | . 5 6 5 7 3 Energy Gun 6 | . 6 20 11 6 . Energy Cannon 4 | . . . . 7 5 Ballistic Gun 4 | . 11 . 8 2 4 Ballistic Cannon 9 | . . . . 11 16 Naked Turns . | . . . . . . Heaviest Build 58 | 5 20 25 31 58 53 Greatest Support 42 | 10 20 40 40 40 42 Greatest Overweight (x) 4 | 1 1 1 . 1 4 Average Overweight (x) . | . . . . . 1 Largest Inventory Capacity 15 | 5 10 10 8 15 10 Average Capacity 9 | 5 6 8 8 10 10 Most Carried 14 | 5 10 10 8 14 10 Average Carried 8 | 3 5 8 7 10 9 Final Capacity 10 | 5 10 8 8 10 10 Final Carried 10 | 5 9 8 8 10 8 Class Distribution -------------------- 38% | Mutant 20% | Gunner 19% | Scavenger-Gunner 14% | Tank 3% | Scavenger-Tank Dominant Class ---------------- Mutant | -10/Materials Mutant | -9/Materials Mutant | -9/Storage Tank | -8/Materials Scavenger-Gunner | -7/Factory Resources | -11 -10 -9 -9 -8 -7 ----------- Run | Yrd Mat Mat Sto Mat Fac Matter Collected 3732 | 183 67 328 586 1014 1554 Remotely 1207 | . . . . . 1207 Salvage Created 4604 | . 172 399 1076 1396 1561 Parts 257 | . 14 34 58 84 67 Haulers Intercepted 7 | . . . 4 3 . Recyclers Shooed 3 | . . 1 . 2 . Parts Field Recycled . | . . . . . . Retrieved Matter . | . . . . . . Parts Self-Destructed . | . . . . . . Prevented . | . . . . . . Kills | -11 -10 -9 -9 -8 -7 ------- Run | Yrd Mat Mat Sto Mat Fac Combat Hostiles Destroyed 103 | . 8 9 18 32 36 Melee 1 | . . . . 1 . Guns 41 | . 1 9 17 10 4 Cannons 49 | . . . 1 18 30 AOE 9 | . 7 . . 1 1 Classes Destroyed 16 | . 3 2 1 5 5 Worker 7 | . . . . 4 3 Builder 4 | . 1 . . 2 1 Hauler 7 | . . . 4 3 . Recycler 3 | . . . . . 3 Mechanic 1 | . . . . . 1 Operator 1 | . . . . . 1 Watcher 2 | . . 1 . 1 . Swarmer 17 | . 3 2 . 7 5 Grunt 55 | . 5 6 10 13 21 Brawler 2 | . . . . 1 1 Duelist 3 | . . . . 1 2 Protector 1 | . . . . . 1 Sentry 18 | . . 1 8 8 1 Hunter 2 | . . . . 1 1 Programmer 3 | . . . . . 3 Heavy 2 | . . . . 1 1 Best Kill Streak 9 | . 8 5 6 9 8 Combat Bots Only 7 | . 7 5 6 6 6 Max Kills in Single Turn 5 | . 5 1 1 2 3 Gunslinging 1 | . . . . 1 . Exploded 4 | . 4 . . 1 1 Melee 1 | . . . . 1 . Uniques/NPCs Destroyed . | . . . . . . Combat | -11 -10 -9 -9 -8 -7 -------- Run | Yrd Mat Mat Sto Mat Fac Hostile Shots Fired 605 | . 51 80 81 167 226 Missed 141 | . 12 12 20 51 46 Damage Taken 8005 | . 485 722 834 2074 3890 Core 1276 | . 112 38 122 291 713 Absorbed by Shields 36 | . . . . . 36 Redirected to Shielding 50 | . 50 . . . . Regen/Repaired (Parts) 337 | . . . . 337 . Core Remaining (%) 65 | 100 55 . 60 47 . Volleys Fired 312 | . 18 35 77 102 80 Largest 4 | . 2 2 2 4 4 Hottest 248 | . 80 126 124 248 224 Shots Fired 736 | . 32 62 141 235 266 Gun 375 | . 23 62 134 105 51 Cannon 344 | . . . 5 124 215 Launcher 8 | . 3 . 2 3 . Special 9 | . 6 . . 3 . Kinetic 408 | . 15 . 59 128 206 Thermal 269 | . 6 25 80 104 54 Explosive 8 | . 3 . 2 3 . Electromagnetic 51 | . 8 37 . . 6 Robot Hit Streak 22 | . 9 12 14 14 22 Robot Miss Streak 5 | . 3 3 5 3 4 Penetration Max 1 | . . . . . 1 Secondary Targets 4 | . . 1 1 2 . Max Gunslinging Chain 2 | . . 1 1 2 . Shots Hit Robots 479 | . 19 41 83 166 170 Core Hits 209 | . 17 15 33 66 78 Critical Kills 1 | . . . . . 1 Critical Parts Destroyed . | . . . . . . Critical Strikes 31 | . . 4 7 9 11 Burn 14 | . . 3 7 4 . Meltdown 1 | . . . . . 1 Blast 13 | . . . . 3 10 Corrupt 1 | . . 1 . . . Sever 2 | . . . . 2 . Melee Attacks 6 | . . . . 6 . Impact . | . . . . . . Slashing 6 | . . . . 6 . Piercing . | . . . . . . Sneak Attacks . | . . . . . . Combat Hostiles . | . . . . . . Follow-up Attacks . | . . . . . . Damage Inflicted 11662 | . 760 609 1416 3924 4953 Guns 4322 | . 207 609 1375 1297 834 Cannons 5982 | . . . 41 2117 3824 Explosions 1191 | . 545 . . 351 295 Melee 156 | . . . . 156 . Ramming 1 | . 1 . . . . Kinetic 6134 | . 120 . 608 1859 3547 Thermal 4109 | . 186 268 808 1558 1289 Explosive 717 | . 366 . . 351 . Electromagnetic 545 | . 87 341 . . 117 Impact . | . . . . . . Slashing 156 | . . . . 156 . Piercing . | . . . . . . Highest Corruption 6 | . . . . 6 2 Average Corruption 4 | . . . . 5 2 Corruption Purged . | . . . . . . Corruption Blocked . | . . . . . . Effects 43 | . . . . 36 7 Message Errors 9 | . . . . 6 3 Matter Fused 9 | . . . . 8 1 Heat Flow Errors 9 | . . . . 9 . Energy Discharges 5 | . . . . 5 . Parts Fused 2 | . . . . 2 . Data Loss (minor) 5 | . . . . 4 1 Data Loss (major) 1 | . . . . . 1 Misfires 1 | . . . . . 1 Weapon Failures 2 | . . . . 2 . Overload Shots . | . . . . . . Overflow Damage 150 | . . . . 10 140 Projectiles 93 | . . . . 10 83 Explosions 57 | . . . . . 57 Melee . | . . . . . . Knockbacks 36 | . . . . 9 27 Impact . | . . . . . . Kinetic 33 | . . . . 9 24 Secondary 3 | . . . . . 3 Self-Inflicted Damage 357 | . 78 . . 71 208 Shots 9 | . 3 . . 3 3 Rammed . | . . . . . . Targets Rammed 2 | . 2 . . . . Kicked 2 | . 2 . . . . Crushed . | . . . . . . Highest Temperature 660 | . 66 281 223 597 660 Average Temperature 155 | . 28 145 39 170 197 Received Heat Transfer 2523 | . 135 258 393 738 999 Effects 58 | . . 5 . 23 30 Shutdowns 13 | . . . . 6 7 Energy Bleed 11 | . . 1 . 3 7 Interference 13 | . . 4 . 7 2 Short Circuit 9 | . . . . 4 5 Damage (minor) 5 | . . . . . 5 Damage (major) 4 | . . . . 1 3 Damage (core) 3 | . . . . 2 1 Siege Activations . | . . . . . . Robots Corrupted . | . . . . . . Combat Hostiles . | . . . . . . Parts Fried 1 | . . 1 . . . Impact Corruptions . | . . . . . . Robots Melted 3 | . . . . 2 1 Combat Hostiles 3 | . . . . 2 1 Parts Melted 21 | . . 1 8 7 5 Heat Transferred 9034 | . 350 851 2257 3556 2020 Parts Sabotaged . | . . . . . . Parts Stolen . | . . . . . . Parts Stripped . | . . . . . . Power Chain Reactions 2 | . 2 . . . . Alert | -11 -10 -9 -9 -8 -7 ------- Run | Yrd Mat Mat Sto Mat Fac Peak Influence 854 | . 265 316 324 705 854 Initial 206 | . . 111 107 118 206 Average 383 | . 111 215 202 410 551 Maximum Alert Level 3 | . 1 1 1 3 3 Low Security (%) 17 | 100 62 41 30 13 . Level 1 38 | . 37 58 69 27 25 Level 2 35 | . . . . 57 49 Level 3 8 | . . . . 1 25 Level 4 . | . . . . . . Level 5 . | . . . . . . High Security . | . . . . . . Max Security . | . . . . . . Squads Dispatched 29 | . 1 2 2 8 16 Investigation 5 | . 1 1 1 1 1 Extermination 3 | . . . . . 3 Reinforcement 8 | . . 1 1 1 5 Assault 1 | . . . . . 1 Garrison 12 | . . . . 6 6 Intercept . | . . . . . . Searches Triggered . | . . . . . . Construction Impeded . | . . . . . . Haulers Reinforced . | . . . . . . Active Scanning Responses . | . . . . . . Cargo Convoy Interrupts 1 | . . . . . 1 Stealth | -11 -10 -9 -9 -8 -7 --------- Run | Yrd Mat Mat Sto Mat Fac Distress Signals 10 | . 2 3 . 5 . Communications Jammed . | . . . . . . Distress Signals . | . . . . . . Times Spotted 158 | . 13 29 20 44 52 Peak Tracking Total 12 | . 10 12 4 6 6 Tactical Retreats 9 | . . 6 . 2 1 Traps | -11 -10 -9 -9 -8 -7 ------- Run | Yrd Mat Mat Sto Mat Fac Traps Triggered 7 | . 1 1 1 1 3 Indirectly . | . . . . . . Trap Hack Attempts . | . . . . . . Triggered . | . . . . . . Disarmed . | . . . . . . Reprogrammed . | . . . . . . Reused . | . . . . . . Traps Extracted . | . . . . . . Installed . | . . . . . . Triggered 2 | . . . . . 2 Machines | -11 -10 -9 -9 -8 -7 ---------- Run | Yrd Mat Mat Sto Mat Fac Machines Disabled 19 | . 1 . 1 . 17 Max in Single Turn 7 | . 1 . 1 . 7 Machines Repaired . | . . . . . . Machines Dismantled . | . . . . . . Machines Sabotaged . | . . . . . . Overloaded Fab Kills . | . . . . . . Hacking | -11 -10 -9 -9 -8 -7 --------- Run | Yrd Mat Mat Sto Mat Fac Machines Accessed 14 | . 2 1 2 5 4 Terminals 9 | . 2 1 2 3 1 Fabricators . | . . . . . . Repair Stations 3 | . . . . 1 2 Recycling Units . | . . . . . . Scanalyzers 1 | . . . . 1 . Garrison Access 1 | . . . . . 1 Total Hacks 36 | . 5 2 3 17 9 Successful 18 | . 1 2 1 10 4 Failed 18 | . 4 . 2 7 5 Catastrophic 7 | . 2 . . 3 2 Database Lockouts . | . . . . . . Manual 9 | . 1 . 1 7 . Terminals 24 | . 5 2 3 11 3 Fabricators . | . . . . . . Repair Stations 9 | . . . . 4 5 Recycling Units . | . . . . . . Scanalyzers 2 | . . . . 2 . Garrison Access 1 | . . . . . 1 Terminal Hacks 10 | . 1 2 1 4 2 Open Door 1 | . . . 1 . . Branch Access Points 1 | . . . . 1 . Alert Level 3 | . . 1 . 2 . Unreport Threat 3 | . . . . 1 2 Locate Traps 1 | . . 1 . . . Hauler Manifests 1 | . 1 . . . . Fabricator Hacks . | . . . . . . Repair Station Hacks 6 | . . . . 4 2 Scan Component 4 | . . . . 2 2 Repair 2 | . . . . 2 . Recycling Unit Hacks . | . . . . . . Scanalyzer 2 | . . . . 2 . Insert Component 1 | . . . . 1 . Analyze 1 | . . . . 1 . Garrison Access Hacks . | . . . . . . Unauthorized Hacks . | . . . . . . Terminals . | . . . . . . Fabricators . | . . . . . . Repair Stations . | . . . . . . Recycling Units . | . . . . . . Scanalyzers . | . . . . . . Garrison Access . | . . . . . . Data Cores Recovered . | . . . . . . Used . | . . . . . . Hacking Detections 13 | . 2 1 1 5 4 Full Trace Events 1 | . . . . . 1 Feedback Events . | . . . . . . Feedback Blocked . | . . . . . . Robot Schematics Acquired . | . . . . . . Robots Built . | . . . . . . Authchips . | . . . . . . Time . | . . . . . . Total Robot Build Rating . | . . . . . . Part Schematics Acquired 1 | . . . . 1 . Parts Built . | . . . . . . Authchips . | . . . . . . Time . | . . . . . . Total Part Build Rating . | . . . . . . Parts Repaired 2 | . . . . 2 . Time 89 | . . . . 89 . Parts Recycled . | . . . . . . Recycled Matter . | . . . . . . Retrieved Matter . | . . . . . . Retrieved Components . | . . . . . . Parts Scanalyzed 1 | . . . . 1 . Part Schematics Acquired 1 | . . . . 1 . Parts Damaged . | . . . . . . Bothacking | -11 -10 -9 -9 -8 -7 ------------ Run | Yrd Mat Mat Sto Mat Fac Used RIF Installer . | . . . . . . Robots Hacked . | . . . . . . Non-combat . | . . . . . . Combat . | . . . . . . Robot Hacks Applied . | . . . . . . Relay Couplers Released . | . . . . . . Fabnet Peak Effective % . | . . . . . . Robots Rewired . | . . . . . . Allies Hacked . | . . . . . . Hacks Repelled . | . . . . . . Allies | -11 -10 -9 -9 -8 -7 -------- Run | Yrd Mat Mat Sto Mat Fac Total Allies . | . . . . . . Largest Group . | . . . . . . Highest-Rated Group . | . . . . . . Highest-Rated Ally . | . . . . . . Total Orders 7 | . . . 7 . . EXPLORE 7 | . . . 7 . . Ally Attacks . | . . . . . . Total Damage . | . . . . . . Kills . | . . . . . . Allies Corrupted . | . . . . . . Allies Melted . | . . . . . . Intel | -11 -10 -9 -9 -8 -7 ------- Run | Yrd Mat Mat Sto Mat Fac Robot Analysis Total . | . . . . . . Derelict Logs Recovered . | . . . . . . Drone Launches 18 | . . . 18 . . Drone Recoveries 8 | . . . 8 . . Exploration | -11 -10 -9 -9 -8 -7 ------------- Run | Yrd Mat Mat Sto Mat Fac Turns Passed 5644 | 36 276 478 1090 1888 1876 Spaces Moved 2228 | 38 234 216 397 668 675 Core 202 | 34 168 . . . . Treads 1656 | . . 70 397 668 521 Legs 216 | 4 66 146 . . . Wheels 154 | . . . . . 154 Hover . | . . . . . . Flight . | . . . . . . Fastest Speed 50 | 50 50 120 170 170 100 Average Speed 180 | 63 84 150 170 199 215 Slowest Speed 250 | 120 120 190 170 250 250 Overloaded Moves . | . . . . . . Propulsion Burnouts . | . . . . . . Robots Hopped . | . . . . . . Cave-ins Triggered . | . . . . . . Exploration Rate (%) 39 | 3 47 18 94 51 26 Regions Visited 5 Branch Regions 1 Pre-discovered Areas . | . . . . . . Known Exits Taken . | . . . . . . Unknown Exits Taken 5 | 1 1 1 1 1 . Scrap Searched . | . . . . . . Spaces Dug . | . . . . . . Terrain Destroyed 187 | . 14 . 19 40 114 Melee . | . . . . . . Projectile 40 | . . . . 22 18 AOE 147 | . 14 . 19 18 96 Terrain Rammed . | . . . . . . Walls Destroyed . | . . . . . . Machines Disabled . | . . . . . . Actions | -11 -10 -9 -9 -8 -7 --------- Run | Yrd Mat Mat Sto Mat Fac Total 3290 | 48 278 310 677 1030 947 Wait 393 | . 1 21 139 136 96 Move 2223 | 37 233 215 396 667 675 Hop . | . . . . . . Pick Up 66 | 5 7 8 9 22 15 Fast Attach 72 | 4 5 9 18 18 18 Attach 25 | . 3 2 2 6 12 Detach 17 | 1 2 1 1 9 3 Swap 49 | . 4 4 7 24 10 Drop 108 | 1 3 15 27 40 22 Fire 312 | . 18 35 77 102 80 Melee 6 | . . . . 6 . Ram . | . . . . . . Kick 2 | . 2 . . . . Crush . | . . . . . . Escape Stasis 16 | . . . . . 16 Rewire 1 | . . . 1 . . Trap . | . . . . . . Miscellaneous . | . . . . . . Route ------- -11/Scrapyard -10/Materials -9/Materials -9/Storage -8/Materials -7/Factory (discovered 1 exit: [*Fac]) History --------- Turn | Location | Event 17 | -11/Scrapyard | Discovered new exit (range 15) 37 | -11/Scrapyard | Entered Materials 230 | -10/Materials | Destroyed 7 combat bots 307 | -10/Materials | Discovered new exit (range 4) 310 | -10/Materials | Build established: Mutant 313 | -10/Materials | Entered another Materials area 313 | -9/Materials | Evolved 2 slots: Utility x2 749 | -9/Materials | Discovered new exit (range 4) 791 | -9/Materials | Entered Storage 1457 | -9/Storage | Discovered new exit (range 61) 1881 | -9/Storage | Entered Materials 1881 | -8/Materials | Evolved 2 slots: Weapon x2 1970 | -8/Materials | Repaired Imp. Assault Rifle 2009 | -8/Materials | Repaired Arm. Treads 2110 | -8/Materials | Garrison activated, responded to threat 2492 | -8/Materials | Garrison activated, responded to threat 2550 | -8/Materials | Core integrity fell below 50% 3008 | -8/Materials | Build established: Tank 3702 | -8/Materials | Build established: Gunner 3718 | -8/Materials | Discovered new exit (range 11) 3769 | -8/Materials | Entered Factory 3769 | -7/Factory | Evolved 2 slots: Utility x2 4040 | -7/Factory | Build established: Scavenger-Gunner 4445 | -7/Factory | Garrison activated, responded to threat 4914 | -7/Factory | Cargo convoy interrupted 5369 | -7/Factory | First assault squad dispatched 5393 | -7/Factory | Garrison activated, responded to threat 5419 | -7/Factory | Core integrity fell below 50% 5481 | -7/Factory | Lost 9 parts (1p2n2u4w) 5608 | -7/Factory | Discovered new exit (range 15) 5612 | -7/Factory | Core integrity fell below 20% 5645 | -7/Factory | Destroyed by P-60 Hacker with Shock Rifle Last Messages --------------- 05621_ Knocked back. 05622_ Acquired 5 matter. 05624_ Wheel destroyed. 05624_ Acquired Prototype Piercing Weapon. 05624_ Identified Kinetic Spear. 05629_ U-05 Engineer builds a Wall. 05631_ Acquired Prototype Device. 05631_ Identified Adv. Dynamic Insulation System. 05634_ Acquired Prototype Device. 05635_ U-05 Engineer builds a Wall. 05637_ Acquired Prototype Flight Unit. 05637_ Identified Cld. VTOL Module. 05639_ Acquired 20 matter. 05639_ Imp. EM Pulse Cannon destroyed. 05640_ U-05 Engineer builds a Wall. 05642_ Dropped Wheel. 05642_ Acquired Cld. VTOL Module. 05643_ P-60 Hacker resets H-61 Shepherd, system corruption cleaned. 05644_ Dropped Imp. Deuterium Engine. 05644_ Dropped Broken Weapon Cycler. Map ----- +----------------------------------------------------+ | ???????????????????????????????????????????? | | ???????????????????????????????????????????? | | ???????????????????????????????????????????? | | ???????????????????????????????????????????? | | ???????????????????????????????????????????? | | ???????????????????????????????????????????? | | ???????????????????????????????????????????? | | ???????????????????????????????????????????? | | ???????????????????????????????????????????? | | ???????????????????????????????????????????? | | ???????????????????????????????????????????? | | ???????????????????????????????????????????? | | ???????????????????????????????????????????? | | ???????????????????????????????????????????? | | ???????????????????????????????????????????? | | ???????????????????????????????????????????? | | ????????????????#+####?????????????????????? | | ???????????????? =!!%??????????????????????? | | ????????????????=%=*=??????????????????????? | | ?????????????????!<|=??????????????????????? | | ?????????????????=]%???????????????????????? | | ?????????????????!=*???????????????????????? | | ?????????????????#=#???????????????????????? | | ?????????????????#H#???????????????????????? | | ????????????????##u##????? #??????????????? | | ????????????????#!=@###]= #??????????????? | | ????????????????#/*==a%= #??????????????? | | ????????????????# %[###*! #??????????????? | | ????????????????## ##???? #??????????????? | | ?????????????????#[#????????#??????????????? | | ?????????????????#*#???????????????????????? | | ?????????????????# #???????????????????????? | | ?????????????????#p#???????????????????????? | | ?????????????????#%#?????????????????????? | | ?????????????????#%#?????????????????????#"" | | ?????????????????# #?????????????????????#"" | | ?????????????????#%#?????????????????????#"" | | ?????????????????# #?????????????????????#"" | | ?????????????????# #??????????????????????? | | ?????????????????# #??????????????????????## | | ?????????????????# #??????????????????????# | | ?????????????????# ######################## | | ?????????????????# | | ?????????????#####+##+##+################## | | ?????????????# # ^ #????????# | | ?????????????# # ! #????????## | | ?????????????# #^ #?????????? | | ?????????????# # *#?????????? | | ?????????????#####################?????????? | | | +----------------------------------------------------+ Best States ------------- Heat Dissipation 53 Energy Generation 18 Energy Capacity 430 Matter Stores 450 Matter Capacity 450 Sight Range 16 Robot Scan Range 14 Terrain Scan Density 10 EM Shielding 4 Armor Coverage 450 Weapon Shielding 33 Weapon Cycling 15 Evasion (%) 55 Targeting Accuracy 24 Melee Accuracy 5 Recoil Reduction 2 Item Schematics ----------------- Hrd. Medium Armor Plating | -8/Materials | Scanalyzed Robot Schematics ------------------ None Fabricated ------------ Nothing Alien Tech Used ----------------- None Achievements -------------- None Challenges ------------ None Game ------ Seed NodeInsulatedBoomstick Manual? 0 Play Time 01:01:29 Cumulative 154.0 hours Start 2024.07.27 @ 22:03:08 End 2024.07.28 @ 12:40:32 Sessions 3 Manual Loads 0 Difficulty Rogue Special Mode None Game No. 161 Rogue 161 Adventurer 0 Explorer 0 Win Type - Total 0 Types 0/0/0/0/0/0/0/0/0 Lore% 28 Gallery% 56 Achievement% 37 Wizard Run 0 Options --------- Layout 0 ASCII 0 Keyboard 1 Movement Vi Keybinds 0 Fullscreen 2 Font 24/Smallcaps Map View 76x50 Zoom Use 0% Tactical HUD 1 Map Filters NONE Filters NONE Steam 1 RUN: a56c36d9-9d8f-4382-98cc-878acaa57482